 Dungeon Crawl Stone Soup version 0.24.0-10-g970556be89 (webtiles) character file.

Game seed: 2558909557911495498, levelgen mode: deterministic

385 Arixos the Skirmisher (level 6, 0/49 HPs)
             Began as a Demonspawn Monk on Nov 3, 2019.
             Was an Initiate of Ru.
             Slain by a worker ant (3 damage)
             ... on level 4 of the Dungeon.
             The game lasted 00:10:47 (2906 turns).

Arixos the Skirmisher (Demonspawn Monk)             Turns: 2906, Time: 00:10:47

Health: 0/49       AC:  6    Str: 14    XL:     6   Next: 48%
Magic:  0/6        EV: 13    Int: 11    God:    Ru [......]
Gold:   130        SH:  0    Dex: 18    Spells: 5/5 levels left

rFire    . . .     SeeInvis .     - Unarmed
rCold    . . .     Gourm    .   (no shield)
rNeg     + . .     Faith    .   o - +1 ring mail {MR+}
rPois    .         Spirit   +   (no helmet)
rElec    .         Reflect  .   (no cloak)
rCorr    .         Harm     .   (no gloves)
MR       +....                  (no boots)
Stlth    +.........             (no amulet)
HPRegen  0.16/turn              f - +3 ring of dexterity (curse)
MPRegen  0.10/turn              g - ring of positive energy

@: lethally poisoned (0 -> -5), flying
A: talons 1, magic shield
a: Renounce Religion


You were on level 4 of the Dungeon.
You worshipped Ru.
Ru was noncommittal.
You were not hungry.

You visited 1 branch of the dungeon, and saw 4 of its levels.

You collected 130 gold pieces.

Inventory:

Missiles
 e - 9 poisoned darts (quivered)
 k - 6 atropa-tipped darts
Armour
 o - a +1 ring mail of magic resistance (worn)
Magical Staves
 m - an uncursed staff of fire
Jewellery
 d - an uncursed ring of wizardry
 f - a cursed +3 ring of dexterity (left hand)
 g - a ring of positive energy (right hand)
Wands
 n - a wand of random effects (15)
Scrolls
 a - a scroll of blinking {unknown}
 c - a scroll of amnesia {unknown}
 h - 6 scrolls of identify {unknown}
 i - a scroll of teleportation {unknown}
 j - 2 scrolls of remove curse {unknown}
Potions
 q - a potion of heal wounds {unknown}
Comestibles
 b - 6 rations
 l - 2 chunks of flesh


   Skills:
 + Level 4.4 Fighting
 + Level 2.7 Armour
 + Level 4.1 Dodging
 - Level 1.7 Stealth
 + Level 4.1 Unarmed Combat


You had 5 spell levels left.
You didn't know any spells.
Your spell library contained the following spells:

 Spells                   Type           Power        Failure   Level  Hunger
 Confusing Touch          Hex            #.....       56%         1    ##.....
 Confuse                  Hex            #.......     91%         3    ####...
 Gell's Gravitas          Tloc           #.........   91%         3    ####...
 Petrify                  Tmut/Erth      #.......     100%        4    #####..
 Metabolic Englaciation   Hex/Ice        #.........   100%        5    ######.
 Yara's Violent Unravell  Hex/Tmut       #.........   100%        5    ######.


Dungeon Overview and Level Annotations

Branches:
Dungeon (4/15)
 Temple: D:4-7

Altars:
Fedhas
Ru


Innate Abilities, Weirdness & Mutations

You have sharp toenails.
When hurt, damage is shared between your health and your magic reserves.


Message History

You hit the worker ant.
You claw the worker ant, but do no damage.
The worker ant is lightly wounded.
The worker ant barely misses you.
You hit the worker ant.
The worker ant is lightly wounded.
The worker ant bites you.
* * * LOW HITPOINT WARNING * * *
You are lethally poisoned!
The worker ant poisons you!
You barely miss the worker ant. Your kick misses the worker ant.
The worker ant is lightly wounded.
* * * LOW HITPOINT WARNING * * *
You feel sick. The worker ant barely misses you.
It was a potion of flight.
You feel very buoyant.
You fly up into the air.
* * * LOW HITPOINT WARNING * * *
You feel sick. The worker ant bites you.
You die...

..............##.......#.........
#.######......##.#######.######.#
### ##...#.##.# #...# #.# #
##.......# #>..# #.# # #.......#
#...# #.# ######## #.......#
#...# #.# #.....#
#.......######[..#####..
#.....###.......#.............##
#..............@aO..............
#.....###......>#...............
#.....# #.......######...####...
####### ####.#### #...# #..# #.#
#...# #..# #.# #...####..#
#######.# #.......... #...<...#
#########.. #.####### ##.


You could see an ogre and a worker ant.

Vanquished Creatures
  An ogre (D:3)
  An orc priest (D:4)
  An orc wizard (D:4)
  A bullfrog skeleton (D:4)
  Ijyb (D:3)
  Natasha (thrice) (D:3)
  3 adders
  3 gnolls (D:4)
  4 dart slugs
  3 leopard geckos
  4 orcs (D:4)
  A giant cockroach (D:3)
  3 goblins
  3 hobgoblins (D:1)
  6 jackals
  A quokka (D:2)
  A ball python (D:4)
  5 bats
  3 frilled lizards
  5 kobolds
  4 rats
57 creatures vanquished.

Notes
Turn   | Place    | Note
-------+----------+-------------------------------------------
     0 | D:1      | Arixos the Demonspawn Monk began the quest for the Orb.
     0 | D:1      | Reached XP level 1. HP: 18/18 MP: 1/1
   203 | D:1      | Gained mutation: When hurt, damage is shared between your
                  | health and your magic reserves. [demonic ancestry]
   203 | D:1      | Reached XP level 2. HP: 24/24 MP: 2/2
   923 | D:2      | Reached skill level 1 in Armour
   963 | D:2      | Gained mutation: You have sharp toenails. [demonic
                  | ancestry]
   963 | D:2      | Reached XP level 3. HP: 21/29 MP: 3/3
  1553 | D:3      | Noticed Natasha
  1560 | D:3      | Killed Natasha
  1560 | D:3      | Reached XP level 4. HP: 27/35 MP: 2/4
  1655 | D:3      | Noticed Natasha
  1667 | D:3      | Killed Natasha
  1860 | D:3      | Found a blossoming altar of Fedhas.
  1989 | D:3      | Noticed Ijyb
  2025 | D:3      | Killed Ijyb
  2047 | D:3      | Noticed an ogre
  2056 | D:3      | Killed an ogre
  2056 | D:3      | Reached XP level 5. HP: 31/42 MP: 3/5
  2236 | D:3      | Noticed Natasha
  2246 | D:3      | Killed Natasha
  2370 | D:4      | Reached XP level 6. HP: 47/48 MP: 6/6
  2384 | D:4      | Found a sacrificial altar of Ru.
  2393 | D:4      | Became a worshipper of Ru the Awakened
  2874 | D:4      | HP: 2/49 [ogre/+0 giant club (15)]
  2906 | D:4      | Slain by a worker ant

Levels and vault maps discovered:
D:1:      lemuel_arrival_room, layout_basic, minmay_misc_feat_tiny
D:2:      layout_loops_cross, minmay_misc_feat_tower
D:3:      layout_basic, lemuel_coloured_pillars_altar, feat_on_display,
          uniq_natasha, uniq_ijyb
D:4:      layout_loops_cross, kennysheep_mini_moat, lemuel_round_altar,
          first_ration

Skill      XL: |  1  2  3  4  5  6 |
---------------+-------------------+-----
Dodging        | 3 4 |  4.1
Unarmed Combat | 3 4 |  4.1
Armour         | 1 2 |  2.7
Fighting       | 4 |  4.4
Stealth        | |  1.7

Action                   |  1- 3 |  4- 6 || total
-------------------------+-------+-------++-------
Melee: Unarmed           |    97 |   145 ||   242
       Punch             |     1 |     1 ||     2
       Kick              |     4 |    46 ||    50
Throw: Dart              |       |     5 ||     5
Invok: Reject Sacrifices |       |     1 ||     1
  Use: Potion            |       |     1 ||     1
 Stab: Sleeping          |     4 |     2 ||     6
  Eat: Chunk             |     2 |     4 ||     6
Armor: Robe              |     8 |       ||     8
       Ring mail         |     7 |    28 ||    35
Dodge: Dodged            |    61 |    68 ||   129
